cohdb
Replays
Latest Replays
All Replays
Popular Replays
Top Player Replays
Match Explorer
How It Works
Community
CoH3 Stats
Reddit
Sign in to upload your games and track your stats! →
Sign in with Steam
Match 40506704
Unlisted
Match 40506704
Overview
Messages
Build Orders
End
Kradschützen Motorcycle Team
250 Light Carrier
Panzergrenadier Squad
Construct Light Support Kompanie
MG34 Team
Panzergrenadier Squad
Fire Support Elements
Flakvierling Half-track
Panzerjäger Mechanized Group
Selects Armored Support Battlegroup
Selects Superior Fire Drills
Selects Salvage Kits
Veteran Squad Leaders
Construct Panzerarmee Kommand
Armored Reserves
2.5-tonne Medical Truck
Rapid Advance
Selects Flammpanzer III Medium Tank
Tiger Heavy Tank
Selects Command Panzer IV F Medium Tank
Command Panzer IV F Medium Tank
cbigney
✠ Wandering_Warden
Valdai
Caveira-.
暖暖似阳
Buck
Srope
Timothy E. Upham
0
0
Comments
sign in to comment!
No comments posted yet!